 Dungeon Crawl Stone Soup version 0.30-a0-263-ge22c4ad894 (webtiles) character file.

Game seed: 12037274492473847253

3018 spaghetti the Slicer (level 9, -1/74 HPs)
             Began as a Gnoll Chaos Knight on Oct 13, 2022.
             Was a Plaything of Xom.
             Slain by a manticore (2 damage)
             ... on level 8 of the Dungeon.
             The game lasted 00:10:52 (5936 turns).

spaghetti the Slicer (Gnoll Chaos Knight)           Turns: 5936, Time: 00:10:52

Health: -1/74      AC:  7    Str:  9 (10) XL:     9   Next: 85%
Magic:  16/16      EV: 14    Int: 21      God:    Xom [......]
Gold:   102        SH:  0    Dex: 15      Spells: 2/17 levels left

rFire   + . .      SeeInvis .    k - +2 dagger (venom) {short}
rCold   . . .      Faith    .    (no shield)
rNeg    . . .      Spirit   .    y - +0 steam dragon scales
rPois   .          Reflect  .    m - +0 helmet {Int+3}
rElec   .          Harm     .    (no cloak)
rCorr   .          Rampage  .    (no gloves)
Will    .....      Clarity  +    (no boots)
Stlth   +++.......               n - amulet of the acrobat
HPRegen 0.32/turn                t - ring of protection from fire
MPRegen 0.15/turn                (no ring)

@: no status effects
A: fangs 1, strong nose, distributed training, talons 1, agile 1, clarity,
clever 1, MP-powered wands
a: Renounce Religion


You were on level 8 of the Dungeon.
You worshipped Xom.
You were a very special plaything of Xom.
You visited 1 branch of the dungeon, and saw 7 of its levels.
You also visited: Sewer.

You collected 312 gold pieces.
You spent 210 gold pieces at shops.


Innate Abilities, Weirdness & Mutations

You have very sharp teeth.
Your uncanny sense of smell can sniff out nearby items.
Your experience applies equally to all skills.
You have sharp toenails.
You are agile. (Dex +4, Str/Int -1)
You possess an exceptional clarity of mind.
Your mind is acute. (Int +4, Str/Dex -1)
You expend magic power (3 MP) to strengthen your wands.


   Skills:
 + Level 8.2 Fighting
 + Level 8.2 Short Blades
 + Level 4.8 Long Blades
 + Level 4.8 Axes
 + Level 4.8 Maces & Flails
 + Level 4.8 Polearms
 + Level 4.8 Staves
 + Level 4.8 Ranged Weapons
 + Level 4.8 Throwing
 + Level 6.7 Armour
 + Level 5.5 Dodging
 + Level 4.8 Stealth
 + Level 4.8 Shields
 + Level 4.8 Unarmed Combat
 + Level 4.8 Spellcasting
 + Level 4.0 Conjurations
 + Level 4.0 Hexes
 + Level 4.0 Summonings
 + Level 4.0 Necromancy
 + Level 4.0 Translocations
 + Level 4.0 Transmutations
 + Level 4.0 Fire Magic
 + Level 4.0 Ice Magic
 + Level 4.0 Air Magic
 + Level 4.0 Earth Magic
 + Level 4.0 Poison Magic
 + Level 5.3 Invocations
 + Level 4.8 Evocations


You had 2 spell levels left.
You knew the following spells:

 Your Spells              Type           Power      Damage    Failure   Level
a - Kiss of Death         Conj/Necr      84%        2d11      2%          1
b - Frozen Ramparts       Ice            42%        1d7       6%          3
c - Hailstorm             Conj/Ice       21%        3d6       6%          3
d - Spider Form           Tmut/Pois      21%        N/A       6%          3
e - Blade Hands           Tmut           10%        N/A       52%         5

Your spell library contained the following spells:

 Spells                   Type           Power      Damage    Failure   Level
 Freeze                   Ice            84%        1d9       2%          1
 Ensorcelled Hibernation  Hex/Ice        42%        N/A       3%          2
 Confusing Touch          Hex            21%        N/A       6%          3
 Ozocubu's Armour         Ice            21%        N/A       6%          3
 Portal Projectile        Hex/Tloc       42%        N/A       6%          3
 Tukima's Dance           Hex            21%        N/A       6%          3
 Anguish                  Hex/Necr       10%        N/A       22%         4
 Dispel Undead            Necr           21%        3d11      22%         4
 Metabolic Englaciation   Hex/Ice        10%        N/A       52%         5
 Simulacrum               Ice/Necr       10%        N/A       97%         6

Inventory:

Hand Weapons
 a - a +0 short sword of chaos {short}
 k - a +2 dagger of venom (weapon) {short}
   (You took it off a kobold on level 1 of the Dungeon)
 E - a +0 broad axe {axe}
   (You took it off an orc warrior on level 8 of the Dungeon)
Missiles
 i - 46 stones {throwing}
 j - 9 boomerangs {throwing}
 l - 15 poisoned darts {throwing}
 x - 3 curare-tipped darts {=fthrowing}
Armour
 b - a +2 leather armour
 m - a +0 helmet of intelligence (worn)
   (You bought it in a shop on level 7 of the Dungeon)
 y - +0 steam dragon scales (worn)
   (You found it on level 6 of the Dungeon)
Magical Staves
 u - a staff of fire {!astaff}
   (You found it on level 6 of the Dungeon)
Jewellery
 n - an amulet of the acrobat (around neck)
   (You found it on level 6 of the Dungeon)
 t - a ring of protection from fire (left hand)
   (You found it on level 5 of the Dungeon)
Wands
 s - a wand of flame (16)
   (You found it on level 6 of the Dungeon)
 w - a wand of iceblast (15)
   (You found it on level 6 of the Dungeon)
Scrolls
 e - 3 scrolls of teleportation {@r4}
 g - 4 scrolls of noise {!r}
 h - a scroll of poison {!r}
 r - a scroll of fog
 B - a scroll of enchant armour
 D - a scroll of identify {@r1}
 H - a scroll of amnesia {unknown}
Potions
 d - a potion of resistance
 f - 3 potions of attraction {!q}
 o - 2 potions of flight
 q - a potion of mutation {!q}
 v - a potion of haste {@q3}
 z - a potion of magic
 A - 2 potions of curing {@q1}
 C - a potion of berserk rage {!q}
 F - a potion of lignification {unknown}
 G - 2 potions of brilliance
Miscellaneous
 c - a piece from Xom's chessboard (15/15) (quivered)

Dungeon Overview and Level Annotations

Branches:
Dungeon (8/15) Zot: 26391  Temple (0/1) D:7           Sewer (visited)
   Lair: D:8-11

Altars:
Ashenzari
Vehumet
Wu Jian
The Shining One

Shops:
D:7

[ ###.....####
#.♣)#.♣.#
...## #######
#..#.#..#.....
#...♣...###..#
#.......# ....
####'######...
#........#####
#.######.#
########.#
#..5H@45.#
#.########
#..# ##....
###..# #...#
####.#.#
+......##
##.#..#


You could see a manticore (extremely poisoned), an ice devil (summoned), a
shadow imp (summoned) and an ufetubus (summoned).


Message History

The orc warrior shakes.
The orc warrior barely misses you.
You hit the orc warrior but do no damage.
Your kick misses the orc warrior. You hit the orc warrior.
The orc warrior is poisoned.
Your kick misses the orc warrior.
You hit the orc warrior but do no damage.
The orc warrior looks as sick as possible!
You claw the orc warrior. 😨 HP[+1]
You now have 92 gold pieces (gained 6).
An orc warrior is nearby!
An orc warrior is nearby!
An orc warrior is nearby!
An orc warrior is nearby!
You are too injured to fight recklessly!
You completely miss the orc warrior. Your bite misses the orc warrior.
You barely miss the orc warrior. You claw the orc warrior.
The orc warrior barely misses you.
The orc warrior hits itself with a +0 trident!
The orc warrior is killed!
Your Conjurations skill increases to level 4!
Your Hexes skill increases to level 4!
Your Summonings skill increases to level 4!
Your Necromancy skill increases to level 4!
Your Translocations skill increases to level 4!
Your Transmutations skill increases to level 4!
Your Fire Magic skill increases to level 4!
Your Ice Magic skill increases to level 4!
Your Air Magic skill increases to level 4!
Your Earth Magic skill increases to level 4!
Your Poison Magic skill increases to level 4! 😨 HP[+1]
Things that are here:
a +0 trident {polearm}; a +0 chain mail Key pressed, stopping explore.
H - a scroll labelled HIET CIXKICOTA 😎 HP[+37]
Your hp is fully restored (74).
You now have 102 gold pieces (gained 10).
As you open the door, it creaks loudly!
There is an open door here.
A manticore is nearby!
A manticore is nearby!
A manticore is nearby!
You hit the manticore.
The manticore is poisoned.
You hit the manticore. The manticore bites you!! The manticore claws you.
The manticore claws you but does no damage. 😮 HP[-20]
You take 20 damage, and now have 54/74 hp.
MASSIVE DAMAGE!! (PAUSE) Unknown command.
You hit the manticore.
The manticore looks even sicker.
You claw the manticore. You punch the manticore.
The manticore closely misses you.
The manticore claws you but does no damage.
The manticore completely misses you.
You hit the manticore but do no damage.
The manticore looks as sick as possible!
You bite the manticore, but do no damage.
You closely miss the manticore. You claw the manticore.
The manticore bites you but does no damage.
The manticore claws you. The manticore claws you! 😮 HP[-10]
You take 10 damage, and now have 44/74 hp.
You hit the manticore.
The manticore looks as sick as possible!
You claw the manticore.
You hear Xom's maniacal laughter.
Unknown command.
You hit the manticore but do no damage.
The manticore looks as sick as possible!
Your bite misses the manticore. The manticore bites you!
* * * LOW HITPOINT WARNING * * *
The manticore barely misses you. The manticore claws you!
* * * LOW HITPOINT WARNING * * *
😨 HP[-16]
You take 16 damage, and now have 28/74 hp.
MASSIVE DAMAGE!! (PAUSE) Unknown command.
You are too injured to fight recklessly!
Unknown command.
You are too injured to fight recklessly!
You are too injured to fight recklessly!
You feel much better. The ice devil hits you. The ice devil freezes you!
* * * LOW HITPOINT WARNING * * *
The manticore bites you!!
* * * LOW HITPOINT WARNING * * *
The manticore barely misses you. x2 😱 HP[-17]
You take 17 damage, and now have 11/74 hp.
MASSIVE DAMAGE!! (PAUSE)
You feel much better. The ice devil hits you!
* * * LOW HITPOINT WARNING * * *
The ice devil freezes you!
* * * LOW HITPOINT WARNING * * *
The manticore misses you. The manticore claws you!
* * * LOW HITPOINT WARNING * * *
The manticore claws you.
You die...
Xom guffaws!

Skill      XL: |  1  2  3  4  5  6  7  8  9 |
---------------+----------------------------+-----
Invocations    | 1 2 3 4 5 |  5.3
Long Blades    | 1 2 3 4 |  4.8
Axes           | 1 2 3 4 |  4.8
Maces & Flails | 1 2 3 4 |  4.8
Polearms       | 1 2 3 4 |  4.8
Staves         | 1 2 3 4 |  4.8
Ranged Weapons | 1 2 3 4 |  4.8
Throwing       | 1 2 3 4 |  4.8
Stealth        | 1 2 3 4 |  4.8
Shields        | 1 2 3 4 |  4.8
Unarmed Combat | 1 2 3 4 |  4.8
Spellcasting   | 1 2 3 4 |  4.8
Evocations     | 1 2 3 4 |  4.8
Conjurations   | 1 2 3 4 |  4.0
Hexes          | 1 2 3 4 |  4.0
Summonings     | 1 2 3 4 |  4.0
Necromancy     | 1 2 3 4 |  4.0
Translocations | 1 2 3 4 |  4.0
Transmutations | 1 2 3 4 |  4.0
Fire Magic     | 1 2 3 4 |  4.0
Ice Magic      | 1 2 3 4 |  4.0
Air Magic      | 1 2 3 4 |  4.0
Earth Magic    | 1 2 3 4 |  4.0
Poison Magic   | 1 2 3 4 |  4.0
Dodging        | 3 4 5 |  5.5
Armour         | 5 6 |  6.7
Fighting       | 7 8 |  8.2
Short Blades   | 7 8 |  8.2

Action                   |  1- 3 |  4- 6 |  7- 9 || total
-------------------------+-------+-------+-------++-------
Melee: Short sword       |    55 |       |       ||    55
       Kick              |    30 |    26 |   102 ||   158
       Bite              |     9 |    12 |    37 ||    58
       Punch             |     1 |     3 |    15 ||    19
       Dagger            |    46 |   111 |   329 ||   486
       Unarmed           |       |       |    19 ||    19
Throw: Dart              |       |       |     1 ||     1
 Cast: Hailstorm         |       |       |     2 ||     2
       Spider Form       |       |       |     1 ||     1
       Frozen Ramparts   |       |       |     1 ||     1
  Use: Scroll            |     4 |     2 |     6 ||    12
       Potion            |       |       |     9 ||     9
 Stab: Sleeping          |       |     1 |     1 ||     2
       Distracted        |       |     1 |     1 ||     2
       Confused          |       |       |     3 ||     3
Armor: Leather armour    |    29 |    26 |    29 ||    84
       Steam dragon scal |       |       |    22 ||    22
       Skin              |       |       |     1 ||     1
Dodge: Dodged            |    48 |    47 |   213 ||   308

Levels and vault maps discovered:
D:1:      saegor_arrival_fortress, layout_rooms, minmay_misc_feat_ornament
D:2:      layout_loops_cross, minmay_rat_hole
D:4:      layout_rooms, fiery_altar_vehumet, portal_sewer_entry_d,
          amethyst_killhole, kennysheep_pointless_box, uniq_natasha
D:5:      layout_rooms
D:6:      cheibrodos_thug_alley, layout_rooms, minmay_crystal_water,
          uniq_menkaure, uniq_blork_the_orc, uniq_edmund
D:7:      layout_loops_ring, tso_altar,
          mainiacjoe_overflow_concentric_impassable,
          minmay_temple_entry_antechambers, serial_shops, nicolae_square_shop,
          minivault_11
D:8:      layout_basic, nicolae_ashenzari_skybound, zin_purify,
          kennysheep_generic_room_10, uniq_psyche

Notes
Turn   | Place    | Note
-------+----------+-------------------------------------------
     0 | D:1      | spaghetti the Gnoll Chaos Knight began the quest for the
                  | Orb.
     0 | D:1      | Reached XP level 1. HP: 23/23 MP: 1/1
     0 | D:1      | magus.rc [v1.9.6]
    16 | D:1      | XOM: silly message
    43 | D:1      | XOM: give mutations
    43 | D:1      | Gained mutation: You have large cloven feet. [Xom's
                  | mischief]
    43 | D:1      | Gained mutation: You are frail. (-10% HP) [Xom's mischief]
    43 | D:1      | Lost mutation: You are frail. (-10% HP) [Xom's mischief]
    43 | D:1      | Gained mutation: You are frail. (-10% HP) [Xom's mischief]
    65 | D:1      | You pick up a book of Frost and begin reading...
    65 | D:1      | You add the spells Freeze, Frozen Ramparts and Hailstorm to
                  | your library.
   142 | D:1      | You pick up a book of Weapons and begin reading...
   142 | D:1      | You add the spells Tukima's Dance, Portal Projectile and
                  | Blade Hands to your library.
   159 | D:1      | Reached XP level 2. HP: 26/26 MP: 2/2
   534 | D:1      | Reached XP level 3. HP: 30/31 MP: 3/3
   770 | D:2      | XOM: 2-stop teleportation journey
   805 | D:2      | Reached skill level 1 in Invocations
   959 | D:2      | You fall into a shaft and drop 2 floors!
  1014 | D:4      | Found a radiant altar of Vehumet.
  1015 | D:4      | Noticed Natasha
  1021 | D:4      | Reached skill level 1 in Long Blades
  1021 | D:4      | Reached skill level 1 in Axes
  1021 | D:4      | Reached skill level 1 in Maces & Flails
  1021 | D:4      | Reached skill level 1 in Polearms
  1021 | D:4      | Reached skill level 1 in Staves
  1021 | D:4      | Reached skill level 1 in Ranged Weapons
  1021 | D:4      | Reached skill level 1 in Throwing
  1021 | D:4      | Reached skill level 1 in Stealth
  1021 | D:4      | Reached skill level 1 in Shields
  1021 | D:4      | Reached skill level 1 in Unarmed Combat
  1021 | D:4      | Reached skill level 1 in Spellcasting
  1021 | D:4      | Reached skill level 1 in Evocations
  1026 | D:4      | Killed Natasha
  1027 | D:4      | Reached XP level 4. HP: 24/36 MP: 5/5
  1032 | D:4      | Reached skill level 1 in Conjurations
  1032 | D:4      | Reached skill level 1 in Hexes
  1032 | D:4      | Reached skill level 1 in Summonings
  1032 | D:4      | Reached skill level 1 in Necromancy
  1032 | D:4      | Reached skill level 1 in Translocations
  1032 | D:4      | Reached skill level 1 in Transmutations
  1032 | D:4      | Reached skill level 1 in Fire Magic
  1032 | D:4      | Reached skill level 1 in Ice Magic
  1032 | D:4      | Reached skill level 1 in Air Magic
  1032 | D:4      | Reached skill level 1 in Earth Magic
  1032 | D:4      | Reached skill level 1 in Poison Magic
  1151 | D:4      | XOM: give mutation
  1151 | D:4      | Gained mutation: Armour fits poorly on your strangely
                  | shaped body. [Xom's mischief]
  1182 | D:4      | Reached XP level 5. HP: 42/42 MP: 7/7
  1186 | D:4      | Found a glowing drain.
  1199 | Sewer    | Entered a sewer
  1209 | Sewer    | XOM: confusion
  1213 | Sewer    | Reached skill level 3 in Dodging
  1333 | Sewer    | Noticed a kobold brigand
  1334 | Sewer    | Noticed a kobold brigand
  1341 | Sewer    | XOM: swap monsters
  1352 | Sewer    | Killed a kobold brigand
  1353 | Sewer    | Reached skill level 2 in Invocations
  1356 | Sewer    | Killed a kobold brigand
  1357 | Sewer    | Reached skill level 2 in Long Blades
  1357 | Sewer    | Reached skill level 2 in Axes
  1357 | Sewer    | Reached skill level 2 in Maces & Flails
  1357 | Sewer    | Reached skill level 2 in Polearms
  1357 | Sewer    | Reached skill level 2 in Staves
  1357 | Sewer    | Reached skill level 2 in Ranged Weapons
  1357 | Sewer    | Reached skill level 2 in Throwing
  1357 | Sewer    | Reached skill level 5 in Armour
  1357 | Sewer    | Reached skill level 2 in Stealth
  1357 | Sewer    | Reached skill level 2 in Shields
  1357 | Sewer    | Reached skill level 2 in Unarmed Combat
  1357 | Sewer    | Reached skill level 2 in Spellcasting
  1357 | Sewer    | Reached skill level 2 in Evocations
  1357 | Sewer    | Reached XP level 6. HP: 16/47 MP: 7/9
  1508 | Sewer    | Found a glowing silver altar of Zin.
  1643 | D:4      | XOM: summons 2 hostile shadow creatures
  1720 | D:4      | Noticed Natasha
  1741 | D:4      | Killed Natasha
  2008 | D:4      | XOM: give mutation
  2008 | D:4      | Lost mutation: You have large cloven feet. [Xom's mischief]
  2012 | D:4      | Noticed Natasha
  2014 | D:4      | Killed Natasha
  2140 | D:5      | Entered Level 5 of the Dungeon
  2160 | D:5      | Reached skill level 7 in Fighting
  2160 | D:5      | Reached skill level 7 in Short Blades
  2160 | D:5      | Reached XP level 7. HP: 36/54 MP: 10/10
  2170 | D:5      | HP: 12/54 [orc/+2 flail of protection (11)]
  2346 | D:5      | You pick up a book of Touch and begin reading...
  2346 | D:5      | You add the spells Kiss of Death, Confusing Touch and
                  | Dispel Undead to your library.
  2477 | D:5      | Reached skill level 2 in Conjurations
  2477 | D:5      | Reached skill level 2 in Hexes
  2477 | D:5      | Reached skill level 2 in Summonings
  2477 | D:5      | Reached skill level 2 in Necromancy
  2477 | D:5      | Reached skill level 2 in Translocations
  2477 | D:5      | Reached skill level 2 in Transmutations
  2477 | D:5      | Reached skill level 2 in Fire Magic
  2477 | D:5      | Reached skill level 2 in Ice Magic
  2477 | D:5      | Reached skill level 2 in Air Magic
  2477 | D:5      | Reached skill level 2 in Earth Magic
  2477 | D:5      | Reached skill level 2 in Poison Magic
  2503 | D:5      | XOM: polymorph gnoll bouda -> hound
  2504 | D:5      | Lost mutation: Armour fits poorly on your strangely shaped
                  | body. [potion of mutation]
  2504 | D:5      | Lost mutation: You are frail. (-10% HP) [potion of
                  | mutation]
  2504 | D:5      | Gained mutation: You are agile. (Dex +4, Str/Int -1)
                  | [potion of mutation]
  2504 | D:5      | Gained mutation: You are weak. (Str -2) [potion of
                  | mutation]
  2504 | D:5      | Gained mutation: You expend magic power (3 MP) to
                  | strengthen your wands. [potion of mutation]
  2519 | D:5      | HP: 14/60 [gnoll/+0 whip[a gnoll bouda] (4)]
  2866 | D:5      | XOM: divine lightning
  2867 | D:5      | Reached skill level 3 in Invocations
  3018 | D:6      | XOM: confuse monster(s)
  3027 | D:6      | Reached skill level 3 in Long Blades
  3027 | D:6      | Reached skill level 3 in Axes
  3027 | D:6      | Reached skill level 3 in Maces & Flails
  3027 | D:6      | Reached skill level 3 in Polearms
  3027 | D:6      | Reached skill level 3 in Staves
  3027 | D:6      | Reached skill level 3 in Ranged Weapons
  3027 | D:6      | Reached skill level 3 in Throwing
  3027 | D:6      | Reached skill level 4 in Dodging
  3027 | D:6      | Reached skill level 3 in Stealth
  3027 | D:6      | Reached skill level 3 in Shields
  3027 | D:6      | Reached skill level 3 in Unarmed Combat
  3027 | D:6      | Reached skill level 3 in Spellcasting
  3027 | D:6      | Reached skill level 3 in Evocations
  3027 | D:6      | Reached XP level 8. HP: 53/67 MP: 12/12
  3034 | D:6      | Noticed Blork the orc
  3043 | D:6      | Killed Blork the orc
  3090 | D:6      | Noticed Edmund
  3093 | D:6      | Noticed Menkaure
  3097 | D:6      | Killed Edmund
  3106 | D:6      | Killed Menkaure
  3223 | D:6      | XOM: give mutations
  3223 | D:6      | Gained mutation: You possess an exceptional clarity of
                  | mind. [Xom's grace]
  3223 | D:6      | Gained mutation: You have sharp toenails. [Xom's grace]
  3223 | D:6      | Lost mutation: You are weak. (Str -2) [Xom's grace]
  3223 | D:6      | Gained mutation: Your mind is acute. (Int +4, Str/Dex -1)
                  | [Xom's grace]
  3224 | D:6      | You pick up a book of Dreams and begin reading...
  3224 | D:6      | You add the spells Ensorcelled Hibernation, Spider Form and
                  | Anguish to your library.
  3300 | D:6      | Learned a level 1 spell: Kiss of Death
  3345 | D:6      | XOM: silly message
  3353 | D:6      | Reached skill level 4 in Invocations
  3368 | D:6      | Reached skill level 3 in Conjurations
  3368 | D:6      | Reached skill level 3 in Hexes
  3368 | D:6      | Reached skill level 3 in Summonings
  3368 | D:6      | Reached skill level 3 in Necromancy
  3368 | D:6      | Reached skill level 3 in Translocations
  3368 | D:6      | Reached skill level 3 in Transmutations
  3368 | D:6      | Reached skill level 3 in Fire Magic
  3368 | D:6      | Reached skill level 3 in Ice Magic
  3368 | D:6      | Reached skill level 3 in Air Magic
  3368 | D:6      | Reached skill level 3 in Earth Magic
  3368 | D:6      | Reached skill level 3 in Poison Magic
  3408 | D:6      | XOM: silly message
  3560 | D:6      | Reached skill level 6 in Armour
  3766 | D:6      | XOM: divination: magic mapping
  3771 | D:6      | XOM: polymorph hobgoblin -> quokka
  3783 | D:6      | Reached XP level 9. HP: 46/73 MP: 14/14
  3794 | D:6      | Learned a level 3 spell: Frozen Ramparts
  3798 | D:6      | Learned a level 3 spell: Hailstorm
  3802 | D:6      | Learned a level 3 spell: Spider Form
  3967 | D:6      | Reached skill level 4 in Long Blades
  3967 | D:6      | Reached skill level 4 in Axes
  3967 | D:6      | Reached skill level 4 in Maces & Flails
  3967 | D:6      | Reached skill level 4 in Polearms
  3967 | D:6      | Reached skill level 4 in Staves
  3967 | D:6      | Reached skill level 4 in Ranged Weapons
  3967 | D:6      | Reached skill level 4 in Throwing
  3967 | D:6      | Reached skill level 4 in Stealth
  3967 | D:6      | Reached skill level 4 in Shields
  3967 | D:6      | Reached skill level 4 in Unarmed Combat
  3967 | D:6      | Reached skill level 4 in Spellcasting
  3967 | D:6      | Reached skill level 4 in Evocations
  4213 | D:6      | Reached skill level 5 in Dodging
  4222 | D:6      | You pick up a book of Winter and begin reading...
  4222 | D:6      | You add the spells Ozocubu's Armour, Metabolic Englaciation
                  | and Simulacrum to your library.
  4262 | D:6      | Learned a level 5 spell: Blade Hands
  4451 | D:7      | XOM: noise
  4494 | D:7      | XOM: swap monsters
  4496 | D:7      | Reached skill level 8 in Fighting
  4496 | D:7      | Reached skill level 8 in Short Blades
  4586 | D:7      | Found a staircase to the Ecumenical Temple.
  4795 | D:7      | Found an ornate altar of the Wu Jian Council.
  4987 | D:7      | Found Saheot's Antique Armour Shop.
  4996 | D:7      | Reached skill level 5 in Invocations
  5037 | D:7      | Bought a runed helmet for 210 gold pieces
  5286 | D:7      | Found a glowing golden altar of the Shining One.
  5370 | D:8      | Noticed a manticore
  5370 | D:8      | XOM: enchant monster (bad)
  5382 | D:8      | XOM: cleaving
  5386 | D:8      | HP: 18/74 [manticore (2)]
  5389 | D:8      | XOM: 3-stop teleportation journey
  5397 | D:8      | HP: 4/74 [orc warrior/+0 broad axe (16)]
  5404 | D:8      | HP: 14/74 [howler monkey (7)]
  5409 | D:8      | HP: 6/74 [white imp/puff of frost (9)]
  5633 | D:8      | XOM: stat loss: -1 Str (9/10)
  5691 | D:8      | XOM: 4-stop teleportation journey
  5724 | D:8      | Found a broken altar of Ashenzari.
  5779 | D:8      | XOM: scenery: 1 doors close
  5784 | D:8      | XOM: swap monsters
  5793 | D:8      | Reached skill level 4 in Conjurations
  5793 | D:8      | Reached skill level 4 in Hexes
  5793 | D:8      | Reached skill level 4 in Summonings
  5793 | D:8      | Reached skill level 4 in Necromancy
  5793 | D:8      | Reached skill level 4 in Translocations
  5793 | D:8      | Reached skill level 4 in Transmutations
  5793 | D:8      | Reached skill level 4 in Fire Magic
  5793 | D:8      | Reached skill level 4 in Ice Magic
  5793 | D:8      | Reached skill level 4 in Air Magic
  5793 | D:8      | Reached skill level 4 in Earth Magic
  5793 | D:8      | Reached skill level 4 in Poison Magic
  5933 | D:8      | XOM: summons 3 hostile demons
  5934 | D:8      | Noticed an ice devil
  5935 | D:8      | HP: 11/74 [manticore (18)]
  5936 | D:8      | HP: 1/74 [manticore (9)]
  5936 | D:8      | Slain by a manticore

Vanquished Creatures
  A wraith (D:7)
  A wyvern (D:8)
  A steam dragon (D:6)
  2 water moccasins
  2 orc warriors (D:8)
  An ice beast (D:6)
  A black bear (D:7)
  An ogre (D:6)
  A centaur (D:5)
  4 kobold brigands
  Blork the orc (D:6)
  A bullfrog (D:6)
  3 scorpions
  3 howler monkeys
  5 orc priests
  4 hounds
  Natasha (thrice) (D:4)
  An iguana (D:6)
  6 orc wizards
  5 gnolls (D:5)
  2 adders (D:4)
  A river rat (Sewer)
  A white imp (D:8)
  An ufetubus (D:5)
  2 worms
  3 dart slugs (D:1)
  20 orcs
  5 endoplasms
  4 giant cockroaches
  3 goblins
  3 hobgoblins
  6 jackals
  4 quokkas
  6 ball pythons
  2 bats (D:1)
  A frilled lizard (D:1)
  12 kobolds
  7 rats
130 creatures vanquished.

Vanquished Creatures (collateral kills)
  Menkaure (D:6)
  Edmund (D:6)
  A sky beast (D:6)
  An orc priest (D:6)
  An iguana (D:6)
  An adder (D:6)
  4 orcs (D:6)
10 creatures vanquished.

Vanquished Creatures (others)
  A black bear (D:5)
  3 orcs
4 creatures vanquished.

Grand Total: 144 creatures vanquished

Table legend:
 A = Non-vault XP
 B = Vault XP
 C = Vault XP percentage of total XP
 D = Non-vault monster count
 E = Vault monster count
 F = Vault count percentage of total count
                 A         B        C        D         E       F
            +---------+---------+-------+---------+---------+-------
      Total |    3064 |    1248 |  28.9 |     112 |      29 |  20.6
            +---------+---------+-------+---------+---------+-------
        D:1 |      37 |       0 |   0.0 |      19 |       0 |   0.0
        D:2 |      23 |       0 |   0.0 |      11 |       0 |   0.0
        D:4 |     154 |      48 |  23.8 |      16 |       2 |  11.1
        D:5 |     513 |       0 |   0.0 |      19 |       0 |   0.0
        D:6 |    1280 |     648 |  33.6 |      30 |      14 |  31.8
        D:7 |     723 |       0 |   0.0 |      10 |       0 |   0.0
        D:8 |     334 |     337 |  50.2 |       7 |       2 |  22.2
      Sewer |       0 |     215 | 100.0 |       0 |      11 | 100.0
            +---------+---------+-------+---------+---------+-------

Illustrated notes

Table legend:
 A = Kills in this place as a percentage of kills in entire the game.
 B = Kills by you in this place as a percentage of kills by you in the entire game.
 C = Kills by friends in this place as a percentage of kills by friends in the entire game.
 D = Other kills in this place as a percentage of other kills in the entire game.
 E = Experience gained in this place as a percentage of experience gained in the entire game.
 F = Experience gained in this place divided by the number of levels of this place that you have seen.
                   A       B       C       D       E      F
               +-------+-------+-------+-------+-------+----------------------
         Total | 100.0 | 100.0 | 100.0 | 100.0 | 100.0 | 539.0
       Dungeon |  92.2 |  91.5 | 100.0 | 100.0 |  95.0 | 585.3
         Sewer |   7.8 |   8.5 |   0.0 |   0.0 |   5.0 | 215.0
               +-------+-------+-------+-------+-------+----------------------

Table legend: (Time is in decaauts)
 A = Elapsed time spent in this place.
 B = Non-inter-level travel time spent in this place.
 C = Inter-level travel time spent in this place.
 D = Time resting spent in this place.
 E = Time spent auto-exploring this place.
 F = Levels seen in this place.
 G = Mean time per level.
                   A        B        C        D        E       F      G
               +--------+--------+--------+--------+--------+-----+--------+
         Total |   5762 |   5665 |     97 |    328 |   4360 |   8 |  720.2 |
       Dungeon |   5404 |   5307 |     97 |    314 |   4072 |   7 |  772.0 |
         Sewer |    357 |    357 |      0 |     14 |    287 |   1 |  357.0 |
               +--------+--------+--------+--------+--------+-----+--------+

Top non-repeatable levels by time:
     D:6: 1295 daAuts
     D:4: 966 daAuts
     D:7: 934 daAuts
     D:5: 674 daAuts
     D:1: 654 daAuts
     D:8: 607 daAuts
   Sewer: 357 daAuts
     D:2: 272 daAuts
